 Dungeon Crawl Stone Soup version 0.22.1-2-g9c5b331 (webtiles) character file.

96 Harpaggios the Sneak (level 4, -1/21 HPs)
             Began as a Vine Stalker Enchanter on Jan 1, 2019.
             Killed from afar by a bat (22 damage)
             ... with an exploding inner flame
             ... hexed by the player character
             ... on level 3 of the Dungeon.
             The game lasted 00:08:22 (1975 turns).

Harpaggios the Sneak (Vine Stalker Enchanter)       Turns: 1975, Time: 00:08:22

Health: -1/21      AC:  5    Str: 11    XL:     4   Next: 67%
Magic:  0/8        EV: 12    Int: 15    God:
Gold:   100        SH:  0    Dex: 15    Spells: 1/7 levels left

rFire    . . .     SeeInvis .   k - +3 dagger (venom)
rCold    . . .     Gourm    .   (no shield)
rNeg     . . .     Faith    .   b - +0 robe
rPois    .         Spirit   +   g - +2 helmet
rElec    .         Reflect  .   (no cloak)
rCorr    .         Harm     .   (no gloves)
MR       .....                  (no boots)
Stlth    +++.......             (no amulet)
HPRegen  0.47/turn              (no ring)
MPRegen  0.11/turn              (no ring)

@: no status effects
A: fangs 2, regeneration 1, magic shield, antimagic bite, no potion heal 3, rot
immunity
a: no special abilities


You were on level 3 of the Dungeon.
You were not hungry.

You visited 1 branch of the dungeon, and saw 3 of its levels.

You collected 100 gold pieces.

Inventory:

Hand Weapons
 a - a +1 dagger
 k - a +3 dagger of venom (weapon)
 m - a +0 dagger of electrocution
Armour
 b - a +0 robe (worn)
 g - a +2 helmet (worn)
Potions
 c - a potion of heal wounds {unknown}
 e - 2 potions of curing
 h - 2 potions of brilliance
Comestibles
 d - 5 rations
 f - a chunk of flesh


   Skills:
 + Level 2.0 Short Blades
 - Level 1.5 Dodging
 + Level 4.6 Stealth
 - Level 2.1 Spellcasting
 * Level 4.2 Hexes


You had one spell level left.
You knew the following spells:

 Your Spells              Type           Power        Failure   Level  Hunger
a - Corona                Hex            ##.....      3%          1    #......
b - Ensorcelled Hibernat  Hex/Ice        #.....       14%         2    ###....
c - Tukima's Dance        Hex            ##......     11%         3    ###....

Your spell library contained the following spells:

 Spells                   Type           Power        Failure   Level  Hunger
 Confuse                  Hex            ##......     11%         3    ###....
 Dazzling Spray           Conj/Hex       #.....       26%         3    ###....


Dungeon Overview and Level Annotations

Branches:
Dungeon (3/15)

Altars:
Fedhas


Innate Abilities, Weirdness & Mutations

You have extremely sharp teeth.
Your natural rate of healing is unusually fast.
When hurt, damage is shared between your health and your magic reserves.
Your bite disrupts and absorbs the magic of your enemies.
Potions cannot restore your health.
You are immune to rotting.


Message History

Keep equipping yourself?
You start putting on your armour.
You continue putting on your +2 helmet.
HP restored.
The bat hits you but does no damage.
You continue putting on your +2 helmet.
The bat closely misses you.
You continue putting on your +2 helmet.
The bat barely misses you.
You continue putting on your +2 helmet.
The bat hits you but does no damage.
You finish putting on your +2 helmet.
The bat barely misses you.
You closely miss the bat. The bat hits you but does no damage.
You barely miss the bat. The bat hits you but does no damage.
The bat barely misses you.
You hit the bat.
The bat is poisoned.
Your bite misses the bat.
The bat is heavily wounded.
The bat explodes!
The fiery explosion engulfs you!
Ouch! That really hurt!
You die...

# .# ..#
#####...#
#§§@....#
#§#§..#.#
#...#.#
#.#.#.#
###.# #
..# ###


There were no monsters in sight!

Vanquished Creatures
  4 adders (D:2)
  An ooze (D:1)
  3 dart slugs (D:1)
  A leopard gecko (D:2)
  2 ball pythons (D:1)
  3 giant cockroaches
  4 goblins
  6 hobgoblins
  2 quokkas (D:2)
  7 bats
  3 frilled lizards
  6 kobolds
  6 rats
48 creatures vanquished.

Notes
Turn   | Place    | Note
-------+----------+-------------------------------------------
     0 | D:1      | Harpaggios the Vine Stalker Enchanter began the quest for
                  | the Orb.
     0 | D:1      | Reached XP level 1. HP: 9/9 MP: 4/4
    73 | D:1      | Reached skill level 1 in Short Blades
    73 | D:1      | Reached XP level 2. HP: 7/13 MP: 6/6
   714 | D:1      | Reached XP level 3. HP: 16/16 MP: 7/7
  1169 | D:2      | Learned a level 2 spell: Ensorcelled Hibernation
  1173 | D:2      | Learned a level 3 spell: Tukima's Dance
  1350 | D:2      | Gained mutation: Your natural rate of healing is unusually
                  | fast. [Vine Stalker growth]
  1350 | D:2      | Reached XP level 4. HP: 21/21 MP: 8/8
  1458 | D:2      | Found a blossoming altar of Fedhas.
  1975 | D:3      | Killed from afar by a bat

Skill      XL: |  1  2  3  4 |
---------------+-------------+-----
Short Blades   | 1 2 |  2.0
Stealth        | 4 |  4.6
Hexes          | 4 |  4.2
Dodging        | |  1.5
Spellcasting   | |  2.1

Action                   |  1- 3 |  4- 6 || total
-------------------------+-------+-------++-------
Melee: Dagger            |    69 |    37 ||   106
       Bite              |    18 |     4 ||    22
 Cast: Corona            |     5 |     2 ||     7
       Ensorcelled Hiber |     1 |       ||     1
  Use: Scroll            |     2 |     3 ||     5
       Potion            |     6 |       ||     6
 Stab: Sleeping          |    11 |     5 ||    16
  Eat: Chunk             |     1 |     2 ||     3
Armor: Robe              |    17 |     8 ||    25
Dodge: Dodged            |    38 |    18 ||    56
